 Dungeon Crawl Stone Soup version 0.29.0-4-gdea44cf6ec (webtiles) character file.

Game seed: 13102934359675032008

44 qw the Chopper (level 3, -3/29 HPs)
             Began as a Barachi Chaos Knight on Sept 5, 2022.
             Slain by a rust devil (6 damage)
             ... summoned by Xom
             ... on level 2 of the Dungeon.
             The game lasted 00:00:18 (832 turns).

qw the Chopper (Barachi Chaos Knight)                Turns: 832, Time: 00:00:19

Health: -3/29      AC:  5    Str: 15      XL:     3   Next: 62%
Magic:  3/3        EV:  6    Int: 10 (12) God:
Gold:   50         SH:  0    Dex: 11      Spells: 2/2 levels left

rFire   . . .      SeeInvis .   Y - +0 hand axe (chaos)
rCold   . . .      Faith    .   (no shield)
rNeg    . . .      Spirit   .   i - +0 chain mail
rPois   .          Reflect  .   e - +0 helmet
rElec   .          Harm     .   (no cloak)
rCorr   .          Rampage  .   (no gloves)
Will    .....                   (no boots)
Stlth   ..........              (no amulet)
HPRegen 0.09/turn               (no ring)
MPRegen 0.08/turn               (no ring)

@: corroded, slow
A: amphibious, slowness 1, strong legs 1, +LOS
a: Hop


You were on level 2 of the Dungeon.
You visited 1 branch of the dungeon, and saw 2 of its levels.

You collected 50 gold pieces.


Innate Abilities, Weirdness & Mutations

You are amphibious.
You cover ground slowly.
You can hop short distances.
You have an extended range of vision and can be seen from far away.


   Skills:
 - Level 3.6 Fighting
 + Level 5.0 Axes
 - Level 2.4 Armour
 - Level 1.1 Dodging


You had 2 spell levels left.
You didn't know any spells.
Your spell library was empty.

Inventory:

Hand Weapons
 h - a +0 flail
 Y - a +0 hand axe of chaos (weapon)
Armour
 e - a +0 helmet (worn)
 i - a +0 chain mail (worn)
Scrolls
 a - a scroll of identify
Miscellaneous
 c - a piece from Xom's chessboard (15/15)

Dungeon Overview and Level Annotations

Branches:
Dungeon (2/15)

Altars:


Message History

You hit the endoplasm.
You kill the endoplasm!
You feel your intelligence returning.
You have reached level 3!
Your experience leads to an increase in your attributes!
Your base attributes are Str 13, Int 12, Dex 11.
Increase (S)trength, (I)ntelligence, or (D)exterity?
You feel stronger. x2
You hit the goblin.
The goblin is poisoned.
The goblin is severely wounded.
The goblin hits you with a +0 club.
You hit the goblin.
You kill the goblin!
The bat hits you but does no damage.
Your Axes skill increases to level 5!
The bat hits you but does no damage. The bat hits you but does no damage.
The bat barely misses you.
You barely miss the bat. The bat hits you but does no damage. The bat hits you.
You hit the bat. You burn the bat.
You kill the bat!
You start resting.
You hear Xom's maniacal laughter.
A quasit comes into view.
You hit the rust devil but do no damage.
You closely miss the quasit.
You hit the rust devil but do no damage.
The rust devil resists with almost no effort.
You barely miss the quasit.
The quasit bites you but does no damage.
The quasit claws you but does no damage. x2
The rust devil hits you. The rust devil corrodes you!
You hit the rust devil but do no damage.
You closely miss the quasit. You barely miss the quasit.
The quasit bites you but does no damage.
The quasit claws you but does no damage. x2
The quasit barely misses you.
The quasit claws you but does no damage. x2
The rust devil hits you.
You die...

.# .# # .#
.###. .##.....
......# .....#
..## ##5...#
......##.55..#
.......4@##.##
..##..###5...#
# #<...#
#....# ######


You could see a rust devil (summoned), 2 quasits and 2 white imps.

Vanquished Creatures
  Jessica (D:2)
  A dart slug (D:1)
  2 ball pythons (D:1)
  2 bats
  3 endoplasms
  2 hobgoblins
  A frilled lizard (D:1)
  2 goblins
  A kobold (D:1)
  2 rats (D:1)
17 creatures vanquished.

Notes
Turn   | Place    | Note
-------+----------+-------------------------------------------
     0 | D:1      | qw the Barachi Chaos Knight began the quest for the Orb.
     0 | D:1      | Reached XP level 1. HP: 18/18 MP: 1/1
     0 | D:1      | 0 ||| qw: Version: 0.1-a-104-g96f76f8
     0 | D:1      | 0 ||| qw: Game counter: 5942
     0 | D:1      | 0 ||| qw: Always use a shield: true
     0 | D:1      | 0 ||| qw: God list: Okawaru
     0 | D:1      | 0 ||| qw: Allow faded altars: false
     0 | D:1      | 0 ||| qw: Do Orc after D:15 true
     0 | D:1      | 0 ||| qw: Do second Lair branch before Depths: true
     0 | D:1      | 0 ||| qw: Lair rune preference: random
     0 | D:1      | 0 ||| qw: Plans: Normal
     0 | D:1      | 0 ||| PLANNING D:1-11
     0 | D:1      | Fell from the grace of Xom
   259 | D:1      | Reached XP level 2. HP: 22/24 MP: 2/2
   272 | D:1      | Reached skill level 4 in Axes
   326 | D:1      | XOM: torment (13/24 hp)
   575 | D:1      | XOM: stat loss: -3 Int (9/12)
   598 | D:1      | 598 ||| Stepping ~*~*~tactically~*~*~ (stealth).
   733 | D:1      | 733 ||| UPGRADING to +0 helmet.
   738 | D:1      | 738 ||| UPGRADING to +0 ring mail.
   748 | D:1      | 748 ||| DROPPING +2 leather armour.
   749 | D:1      | 749 ||| UPGRADING to +0 chain mail.
   759 | D:1      | 759 ||| DROPPING +0 ring mail.
   760 | D:1      | 760 ||| READING 2 scrolls labelled SAGRUFYXOE.
   761 | D:1      | 761 ||| READING scroll labelled DIUGUTI FUNN.
   798 | D:2      | Noticed Jessica
   809 | D:2      | HP: 4/24 [Jessica/+0 club (10)]
   812 | D:2      | Killed Jessica
   813 | D:2      | Reached XP level 3. HP: 4/29 MP: 3/3
   815 | D:2      | Reached skill level 5 in Axes
   817 | D:2      | HP: 1/29 [bat (1)]
   829 | D:2      | XOM: summons 5 hostile demons
   830 | D:2      | Noticed a rust devil
   832 | D:2      | Slain by a rust devil

Levels and vault maps discovered:
D:1:      minmay_arrival_glassed_features, layout_loops_ring
D:2:      layout_rooms, serial_shops, shop, uniq_terence, uniq_jessica

Skill      XL: |  1  2  3 |
---------------+----------+-----
Axes           | 4 5 |  5.0
Fighting       | |  3.6
Armour         | |  2.4
Dodging        | |  1.1

Action                   || total
-------------------------++-------
Melee: Hand axe          ||    42
Invok: Renounce Religion ||     1
  Use: Scroll            ||     2
Armor: Leather armour    ||    11
       Chain mail        ||    18
Dodge: Dodged            ||    18

Table legend:
 A = Non-vault XP
 B = Vault XP
 C = Vault XP percentage of total XP
 D = Non-vault monster count
 E = Vault monster count
 F = Vault count percentage of total count
                 A         B        C        D         E       F
            +---------+---------+-------+---------+---------+-------
      Total |      27 |      37 |  57.8 |      16 |       1 |   5.9
            +---------+---------+-------+---------+---------+-------
        D:1 |      20 |       0 |   0.0 |      12 |       0 |   0.0
        D:2 |       7 |      37 |  84.1 |       4 |       1 |  20.0
            +---------+---------+-------+---------+---------+-------
